 Dungeon Crawl Stone Soup version 0.20.0-15-g7f486f2 (webtiles) character file.

866 NoAnimeNoLife the Basher (level 8, -3/69 HPs)
             Began as a Gargoyle Fighter on June 13, 2017.
             Slain by appiemonkey's ghost (9 damage)
             ... on level 5 of the Dungeon.
             The game lasted 00:05:10 (3396 turns).

NoAnimeNoLife the Basher (Gargoyle Fighter)         Turns: 3396, Time: 00:05:10

Health: -3/69      AC: 27    Str: 19    XL:     8   Next: 3%
Magic:  8/8        EV:  2    Int: 10    God:
Gold:   241        SH:  9    Dex: 11    Spells: 7/7 levels left

rFire    . . .     SeeInvis .   s - +5 club
rCold    . . .     Gourm    .   c - +0 shield
rNeg     + + +     Faith    .   (armour currently unavailable)
rPois    ∞         Spirit   .   (helmet currently unavailable)
rElec    .         Reflect  .   (cloak currently unavailable)
rCorr    .         Harm     .   (gloves currently unavailable)
MR       .....     NoTele   +   (boots currently unavailable)
Stlth    +.........             (no amulet)
Regen    0.3/turn               o - ring of poison resistance
MPRegen  0.2/turn               p - +3 ring of protection

@: tree-form
A: negative energy resistance 1, petrification resistance, rot immunity, AC +5
a: no special abilities


You were on level 5 of the Dungeon.
You were near starving.
You were a tree.
You visited 1 branch of the dungeon, and saw 5 of its levels.

You collected 241 gold pieces.

Inventory:

Hand Weapons
 a - a +0 flail
 s - a +5 club (weapon)
Missiles
 m - 106 stones (quivered)
Armour
 b - a +0 scale mail (melded)
 c - a +0 shield (worn)
Jewellery
 o - a ring of poison resistance (left branch)
 p - a +3 ring of protection (right branch)
 t - an uncursed ring of wizardry {unknown}
Wands
 y - a wand of random effects (35/48)
Scrolls
 e - 6 scrolls of identify {unknown}
 g - a scroll of magic mapping {unknown}
 h - 3 scrolls of teleportation {unknown}
 k - 3 scrolls of enchant weapon {unknown}
 l - a scroll of random uselessness {unknown}
 n - 3 scrolls of remove curse {unknown}
 q - a scroll of noise {unknown}
 u - a scroll of amnesia {unknown}
Potions
 j - 2 potions of flight
 r - a potion of resistance
 w - 3 potions of curing {unknown}
 x - a potion of haste {unknown}
Comestibles
 f - 3 bread rations
 v - 2 royal jellies


   Skills:
 - Level 3.2 Fighting
 + Level 9.0 Maces & Flails
 - Level 3.3 Armour
 - Level 3.4 Shields


You had 7 spell levels left.
You didn't know any spells.

Dungeon Overview and Level Annotations

Branches:
Dungeon (5/15)
 Temple: D:4-7

Altars:
Gozag

Annotations:
D:5 appiemonkey's ghost, novice MiFi


Innate Abilities, Weirdness & Mutations

You are resistant to torment.
((Your stone body is resilient. (AC +5)))
You are immune to poison.
You resist negative energy. (rN+)
((You are resistant to electric shocks. (rElec)))
((You can survive without breathing.))
You are immune to petrification.
You are immune to rotting.


Message History

* * * LOW HITPOINT WARNING * * *
Appiemonkey's ghost hits you but does no damage.
You hit appiemonkey's ghost.
Appiemonkey's ghost is heavily damaged.
You block the gnoll's attack.
Appiemonkey's ghost hits you but does no damage.
You hit appiemonkey's ghost but do no damage.
Appiemonkey's ghost is heavily damaged.
The gnoll completely misses you. Appiemonkey's ghost hits you!
* * * LOW HITPOINT WARNING * * *
You hit appiemonkey's ghost but do no damage.
Appiemonkey's ghost is heavily damaged.
The gnoll hits you but does no damage.
You hit appiemonkey's ghost.
Appiemonkey's ghost is heavily damaged.
Appiemonkey's ghost hits you but does no damage.
You hit appiemonkey's ghost but do no damage.
Appiemonkey's ghost is heavily damaged.
The gnoll hits you but does no damage. Appiemonkey's ghost hits you!
You die...

. .. ... ### ....
#.# .....
#######.#####......
#.<...%....♣WZ....#
#######.#.###g....#
#.#.# ....# #.#.#
.... ..#.# ..#
###.. .. #.. . #..
#...


You could see appiemonkey's ghost, a gnoll and a bullfrog zombie.

Vanquished Creatures
  Edmund (D:5)
  A phantom (D:4)
  2 scorpions
  A wyvern skeleton (D:3)
  A centaur zombie (D:4)
  A hound (D:4)
  3 orc priests
  2 gnoll shamans
  Jessica (D:3)
  A worker ant (D:4)
  Robin (D:3)
  7 gnolls
  5 adders
  An ooze (D:3)
  An adder skeleton (D:4)
  A worm (D:4)
  A dart slug (D:2)
  2 leopard geckos (D:1)
  14 orcs
  3 ball pythons (D:1)
  3 giant cockroaches
  21 goblins
  6 hobgoblins
  3 jackals (D:3)
  2 quokkas
  6 bats
  11 frilled lizards
  A jackal skeleton (D:4)
  6 kobolds
  3 rats
112 creatures vanquished.

Notes
Turn   | Place    | Note
-------+----------+-------------------------------------------
     0 | D:1      | NoAnimeNoLife the Gargoyle Fighter began the quest for the Orb.
     0 | D:1      | Reached XP level 1. HP: 14/14 MP: 1/1
     4 | D:1      | Noticed an electric eel
   115 | D:1      | Reached XP level 2. HP: 19/19 MP: 2/2
   521 | D:1      | Reached skill level 3 in Maces & Flails
   596 | D:1      | Reached XP level 3. HP: 23/23 MP: 3/3
   868 | D:2      | Found an opulent altar of Gozag.
  1169 | D:2      | You fall through a shaft!
  1202 | D:3      | Reached skill level 4 in Maces & Flails
  1202 | D:3      | Reached XP level 4. HP: 28/28 MP: 4/4
  1473 | D:3      | Reached skill level 5 in Maces & Flails
  1473 | D:3      | Reached XP level 5. HP: 19/32 MP: 5/5
  1477 | D:3      | Noticed Jessica
  1503 | D:3      | Killed Jessica
  1628 | D:3      | Noticed Robin
  1676 | D:3      | Killed Robin
  2168 | D:3      | Reached skill level 6 in Maces & Flails
  2168 | D:3      | Reached XP level 6. HP: 24/37 MP: 6/6
  2567 | D:4      | Noticed a phantom
  2591 | D:4      | Killed a phantom
  2591 | D:4      | Reached skill level 7 in Maces & Flails
  2645 | D:4      | Reached XP level 7. HP: 31/41 MP: 7/7
  2968 | D:4      | Reached skill level 8 in Maces & Flails
  3277 | D:5      | Entered Level 5 of the Dungeon
  3298 | D:5      | Noticed Edmund
  3299 | D:5      | Noticed appiemonkey's ghost (novice MiFi)
  3318 | D:5      | Killed Edmund
  3338 | D:5      | Reached XP level 8. HP: 35/46 MP: 8/8
  3345 | D:5      | Reached skill level 9 in Maces & Flails
  3396 | D:5      | Slain by appiemonkey's ghost

Skill      XL: |  1  2  3  4  5  6  7  8 |
---------------+-------------------------+-----
Maces & Flails | 3 4 5 6 7 8 9 |  9.0
Fighting       | |  3.2
Armour         | |  3.3
Shields        | |  3.4

Action                   |  1- 3 |  4- 6 |  7- 9 || total
-------------------------+-------+-------+-------++-------
Melee: Flail             |   111 |   123 |       ||   234
       Club              |       |    80 |   164 ||   244
  Use: Potion            |       |     3 |     3 ||     6
  Eat: Chunk             |       |     5 |     2 ||     7
Armor: Scale mail        |    48 |   113 |    53 ||   214
       Skin              |       |       |    30 ||    30
Dodge: Dodged            |    37 |    72 |    27 ||   136
Block: Shield            |    57 |   103 |    61 ||   221
